cohdb
Replays
Latest Replays
All Replays
Popular Replays
Top Player Replays
Match Explorer
How It Works
Community
CoH3 Stats
Reddit
Sign in to upload your games and track your stats! →
Sign in with Steam
Match 42490983
Unlisted
Match 42490983
Overview
Messages
Build Orders
End
Selects Panzerjäger Kommand Battlegroup
Selects Blockade Equipment
Kradschützen Motorcycle Team
Panzergrenadier Squad
Construct Light Support Kompanie
Assault Grenadier Squad
2.5-tonne Medical Truck
Selects Tank Busters
Panzerjäger Squad
MG34 Team
Panzerjäger Squad
Panzerjäger Squad
Panzerjäger Mechanized Group
Selects Defensive Positions
Fire Support Elements
Selects Butterfly Bomb Drop
Veteran Squad Leaders
luppe
Kingkane
odiervr
JimbonX
Brother
Ph4ze
0
0
Comments
sign in to comment!
No comments posted yet!